 Dungeon Crawl Stone Soup version 0.17.0-7-gfadd4cc (console) character file.

65 gw the Cutter (level 4, -12/27 HPs)
             Began as a Kobold Gladiator on Nov 9, 2015.
             Killed from afar by Ijyb (22 damage)
             ... with a wand of fire
             ... on level 3 of the Dungeon.
             The game lasted 00:01:38 (1926 turns).

gw the Cutter (Kobold Gladiator)                    Turns: 1926, Time: 00:01:38

Health: -12/27     AC:  8    Str: 13    XL:     4   Next: 35%
Magic:  4/4        EV: 15    Int:  6    God:
Gold:   172        SH:  0    Dex: 17    Spells: 0 memorised, 3 levels left

rFire  . . .     SeeInvis .     a - +0 rapier
rCold  . . .     Clarity  .     h - +0 ring mail
rNeg   . . .     SustAt   .     (shield restricted)
rPois  .         Gourm    .     f - +2 helmet
rElec  .         Spirit   .     (no cloak)
rCorr  .         Warding  .     (no gloves)
rMut   .         Stasis   .     (no boots)
MR     .....                    (no amulet)
Stlth  +.........               (no ring)
                                (no ring)

@: not resistant to hostile enchantments, very unstealthy
A: carnivore 3
a: no special abilities


You were on level 3 of the Dungeon.
You were completely stuffed.

You visited 1 branch of the dungeon, and saw 3 of its levels.

You collected 172 gold pieces.

Inventory:

Hand Weapons
 a - a +0 rapier (weapon)
Missiles
 b - 5 tomahawks (quivered)
 c - 61 stones
 d - 3 throwing nets
 g - 12 poisoned needles
Armour
 f - a +2 helmet (worn)
 h - a +0 ring mail (worn)
Comestibles
 e - 2 meat rations


   Skills:
 + Level 2.9 Fighting
 * Level 5.0 Short Blades
 + Level 2.8 Throwing
 + Level 4.2 Dodging


You had 3 spell levels left.
You didn't know any spells.

Dungeon Overview and Level Annotations

Branches:
Dungeon (3/15)

Altars:

Annotations:
D:3 Ijyb


Innate Abilities, Weirdness & Mutations

You are small and have problems with some larger weapons.
You are carnivorous and can eat meat at any time.


Message History

Ouch! That really hurt!
It is a wand of fire.
Unknown command.
Unknown command.
Unknown command.
Unknown command.
Unknown command.
Unknown command.
Unknown command.
ATTACK MOVE TO (0,-1)
A quokka comes into view.
Ijyb hits you with a dagger.
Unknown command.
Unknown command.
Unknown command.
Unknown command.
MOVING TO (-2,3) Ijyb zaps a wand.
The bolt of fire hits you!
Ouch! That really hurt!
You die...

..##.. ..#.. .
.... .r ... ..
..####.# ####
(.... .... #g.#
#..##.#
#...K)##
#.##.#.#####.#.
#.###........
##<#.#####.##
##.## ###


You could see Ijyb.

Table legend:
 A = Turns spent in this place as a percentage of turns spent in the entire game.
 B = Non-inter-level travel turns spent in this place as a percentage of non-inter-level travel turns spent in the entire game.
 C = Inter-level travel turns spent in this place as a percentage of turns spent in this place.
 D = Turns resting spent in this place as a percentage of non-inter-level travel turns spent in this place.
 E = Turns spent auto-exploring this place as a percentage of non-inter-level travel turns spent in this place.
 F = Non-inter-level travel turns spent in this place divided by the number of levels of this place that you've seen.
                   A       B       C       D       E      F
               +-------+-------+-------+-------+-------+----------------------
         Total | 100.0 | 100.0 |   0.8 |   0.4 |   2.7 | 855.7
       Dungeon | 100.0 | 100.0 |   0.8 |   0.4 |   2.7 | 855.7
               +-------+-------+-------+-------+-------+----------------------

Table legend:
 A = Kills in this place as a percentage of kills in entire the game.
 B = Kills by you in this place as a percentage of kills by you in the entire game.
 C = Kills by friends in this place as a percentage of kills by friends in the entire game.
 D = Other kills in this place as a percentage of other kills in the entire game.
 E = Experience gained in this place as a percentage of experience gained in the entire game.
 F = Experience gained in this place divided by the number of levels of this place that you have seen.
                   A       B       C       D       E      F
               +-------+-------+-------+-------+-------+----------------------
         Total | 100.0 | 100.0 |  -nan |  -nan | 100.0 |  31.3
       Dungeon | 100.0 | 100.0 |  -nan |  -nan | 100.0 |  31.3
               +-------+-------+-------+-------+-------+----------------------

Vanquished Creatures
  4 adders (D:2)
  A giant gecko (D:1)
  3 giant cockroaches
  4 hobgoblins
  2 jackals (D:1)
  A quokka (D:2)
  3 bats
  A giant newt (D:1)
  4 goblins
  9 rats
32 creatures vanquished.

Notes
Turn   | Place    | Note
--------------------------------------------------------------
     0 | D:1      | gw the Kobold Gladiator began the quest for the Orb.
     0 | D:1      | Reached XP level 1. HP: 12/12 MP: 1/1
   321 | D:1      | Reached XP level 2. HP: 17/17 MP: 2/2
   927 | D:2      | Reached XP level 3. HP: 7/22 MP: 3/3
  1688 | D:2      | Reached skill level 5 in Short Blades
  1688 | D:2      | Reached XP level 4. HP: 23/27 MP: 4/4
  1920 | D:3      | Noticed Ijyb
  1926 | D:3      | Killed from afar by Ijyb

Action                   |  1- 3 |  4- 6 || total
-------------------------+-------+-------++-------
Melee: Rapier            |    86 |    12 ||    98
Throw: Stone             |    46 |       ||    46
       Tomahawk          |     6 |     3 ||     9
  Eat: Chunk             |    11 |     1 ||    12

Vault maps used:
D:1:      dpeg_arrival_short_road
D:3:      nicolae_gozag_seed_capital, old_standard_altar,
          minmay_misc_feat_nine_boxes, grunt_decor_one_mirror,
          grunt_ministairs_15, nicolae_dithmenos_through_a_glass_darkly,
          uniq_iyjb
